AoeStats
← Chântalion

Arabia

510829522Analyzed
4v4 RM · 14h ago on Oct 2, 2026· 51m 48s· 8 players
Game mode
Random Map
Map size
Large (8 player)
Population
200
Speed
Normal
Resources
Standard
Victory
Conquest
Starting age
Dark Age
Ending age
Imperial Age
RankedLock teamsTeams togetherTeam positionsShared explorationLock speedFull tech treeHidden civsTurbo modeCheats
Victory
Defeat
🇬🇧 Berbers · United Kingdom
1151
+14
🇬🇧 Portuguese · United Kingdom
1091
+16
🇳🇱 Maya · Netherlands
1079
+17
🇬🇧 Khmer · United Kingdom
973
+22
🇸🇰 Danes · Slovakia
1165
-20
🇸🇰 Varangians · Slovakia
1104
-17
🇸🇰 Britons · Slovakia
1074
-16
🇸🇰 Wei · Slovakia
1060
-16
MasterMcintosh
6:09 Loom
14:31 Feudal Age
17:31 Double-Bit Axe
18:45 Bloodlines
26:01 Castle Age
25:17 Gold Mining
25:59 Scale Barding Armor
25:50 Horse Collar
28:14 Wheelbarrow
28:39 Forging
29:17 Chain Barding Armor
29:28 Bow Saw
30:53 Iron Casting
36:13 Hand Cart
39:52 Imperial Age
40:08 Husbandry
40:18 Town Watch
43:23 Plate Barding Armor
44:40 Tusk Swords
45:42 Elite Battle Elephant
47:26 Blast Furnace
48:54 Gold Shaft Mining
Starscream
6:45 Loom
9:21 Feudal Age
10:18 Double-Bit Axe
13:58 Horse Collar
17:57 Fletching
21:42 Castle Age
20:23 Padded Archer Armor
20:30 Gold Mining
21:44 Crossbowman
22:20 Bodkin Arrow
23:29 Bow Saw
25:59 Leather Archer Armor
27:42 Stone Mining
28:32 Ballistics
29:41 Heavy Plow
30:17 Wheelbarrow
30:22 Town Watch
31:44 Thumb Ring
38:17 Imperial Age
36:06 Hand Cart
36:57 Masonry
38:24 Town Patrol
38:18 Arbalester
39:09 Bracer
39:40 Ring Archer Armor
40:11 Chemistry
39:08 Treadmill Crane
39:40 Murder Holes
41:59 Conscription
41:42 Arquebus
Smallest s is back!
6:09 Loom
9:15 Feudal Age
9:55 Double-Bit Axe
17:35 Wheelbarrow
18:11 Bloodlines
18:29 Forging
19:18 Scale Barding Armor
24:08 Castle Age
22:24 Gold Mining
22:40 Horse Collar
25:04 Bow Saw
25:42 Chain Barding Armor
25:38 Husbandry
25:57 Town Watch
30:13 Fervor
34:36 Stone Mining
35:15 Hand Cart
37:36 Imperial Age
36:19 Gold Shaft Mining
39:35 Imperial Age
39:44 Imperial Age
37:54 Iron Casting
38:33 Stone Shaft Mining
38:17 Masonry
38:17 Fletching
38:28 Padded Archer Armor
39:46 Heavy Camel Rider
41:02 Plate Barding Armor
40:23 Bodkin Arrow
41:30 Chemistry
40:51 Ballistics
40:55 Conscription
42:43 Kasbah
43:59 Maghrebi Camels
46:53 Siege Engineers
[RPTea] Sir_Craenen
0:27 Loom
9:39 Feudal Age
15:47 Double-Bit Axe
16:30 Fletching
23:41 Castle Age
21:42 Horse Collar
23:25 Padded Archer Armor
23:46 Crossbowman
25:17 Scale Mail Armor
26:17 Forging
27:13 Squires
28:35 Bow Saw
30:20 Heavy Plow
31:51 Iron Casting
32:24 Bodkin Arrow
33:27 Thumb Ring
35:22 Wheelbarrow
36:17 Leather Archer Armor
36:32 Eagle Warrior
38:22 Gold Mining
38:47 Stone Mining
42:55 Imperial Age
40:11 Town Watch
40:42 Hand Cart
43:22 Chain Mail Armor
43:26 Hul'che Javelineers
43:19 Arson
44:32 Stone Shaft Mining
43:26 Arbalester
45:29 Two-Man Saw
45:59 Blast Furnace
45:30 Plate Mail Armor
46:23 Treadmill Crane
46:54 Fortified Wall
47:46 Chemistry
47:29 Elite Eagle Warrior
48:51 Fishing Lines
50:03 Guilds
50:28 Ring Archer Armor
52:38 Crop Rotation
52:14 Bracer
Chântalion
9:07 Feudal Age
8:26 Loom
9:23 Man-at-Arms
9:57 Loom
10:14 Double-Bit Axe
15:11 Horse Collar
20:36 Castle Age
19:12 Padded Archer Armor
19:39 Fletching
21:09 Gold Mining
21:31 Bow Saw
22:18 Wheelbarrow
21:48 Elite Skirmisher
24:07 Bodkin Arrow
25:56 Leather Archer Armor
27:00 Stone Mining
30:20 Ballistics
30:22 Husbandry
30:29 Scale Barding Armor
33:30 Hand Cart
44:23 Yeomen
45:04 Chain Barding Armor
45:10 Heavy Plow
48:48 Imperial Age
46:03 Pikeman
48:20 Scale Mail Armor
50:17 Chain Mail Armor
50:12 Forging
49:38 Cavalier
50:20 Bracer
51:39 Chemistry
s4p
6:51 Loom
9:32 Feudal Age
11:13 Double-Bit Axe
20:42 Castle Age
20:01 Bloodlines
20:37 Fletching
20:49 Padded Archer Armor
20:50 Horse Collar
21:21 Bodkin Arrow
21:28 Husbandry
23:10 Wheelbarrow
22:34 Gold Mining
24:45 Thumb Ring
25:03 Leather Archer Armor
26:22 Bow Saw
26:13 Heavy Plow
27:31 Gold Shaft Mining
26:47 Stone Mining
31:24 Stone Shaft Mining
31:37 Ballistics
38:13 Imperial Age
37:33 Hand Cart
37:03 Town Watch
38:29 Scale Barding Armor
38:35 Forging
39:12 Masonry
39:47 Bracer
39:28 Pikeman
40:44 Squires
40:05 Halberdier
41:39 Scale Mail Armor
43:20 Chemistry
42:38 Chain Mail Armor
43:09 Ring Archer Armor
43:51 Iron Casting
43:37 Chain Barding Armor
44:01 Crop Rotation
44:40 Ming Guang Armor
44:36 Conscription
44:45 Murder Holes
44:51 Light Cavalry
45:55 Hussar
49:22 Treadmill Crane
51:11 Tuntian
Crowbar
5:44 Loom
6:14 Loom
9:17 Feudal Age
9:57 Man-at-Arms
10:52 Arson
12:05 Scale Mail Armor
21:56 Castle Age
20:16 Double-Bit Axe
20:14 Horse Collar
28:29 Chain Mail Armor
29:49 Town Watch
30:58 Gambesons
31:55 Squires
33:16 Pikeman
35:51 Bow Saw
35:47 Heavy Plow
37:02 Wheelbarrow
37:48 Fletching
38:15 Forging
38:24 Stone Mining
38:24 Gold Mining
38:44 Bodkin Arrow
43:40 Imperial Age
45:04 Hand Cart
45:21 Padded Archer Armor
45:22 Bracer
44:48 Elite Skirmisher
LoCo
8:03 Loom
11:08 Feudal Age
11:56 Double-Bit Axe
11:53 Horse Collar
15:45 Bloodlines
17:35 Wheelbarrow
17:55 Town Watch
19:14 Wheelbarrow
22:18 Castle Age
20:44 Scale Barding Armor
20:50 Forging
23:07 Heavy Plow
27:26 Husbandry
29:22 Iron Casting
29:09 Herbal Medicine
31:11 Chain Barding Armor
31:37 Bow Saw
31:51 Fletching
32:56 Masonry
35:13 Bodkin Arrow
36:00 Hand Cart
41:59 Imperial Age
41:24 Scale Mail Armor
41:26 Squires
41:13 Gambesons
43:15 Conscription
42:18 Elite Jarl
42:19 Gothikon
44:22 Plate Barding Armor
49:12 Blast Furnace
48:27 Chain Mail Armor
48:39 Gold Mining
48:14 Elite Varangian Guard
Connection lost

Rejoining the realm…

Still unreachable

The connection could not be restored.

Session expired

The server has moved on; the page needs a fresh start.